 Dungeon Crawl Stone Soup version 0.20-a0-830-g2c9a30d (webtiles) character file.

338 4thArraOfDagon the Skirmisher (level 6, -7/51 HPs)
             Began as a Demonspawn Artificer on Mar 6, 2017.
             Was an Initiate of Cheibriados.
             Mangled by a bullfrog (8 damage)
             ... on level 6 of the Dungeon.
             The game lasted 00:07:24 (1123 turns).

4thArraOfDagon the Skirmisher (DsAr)                Turns: 1123, Time: 00:07:25

Health: -7/51      AC:  5    Str: 15    XL:     6   Next: 29%
Magic:  8/8        EV: 12    Int: 15    God:    Cheibriados [......]
Gold:   178        SH:  0    Dex: 15    Spells: 5/5 levels left

rFire    . . .     SeeInvis .   z - +0 falchion
rCold    . . .     Gourm    .   v - +1 robe "Moirynarph" {Str+2} (curse)
rNeg     . . .     Faith    .   (no shield)
rPois    .         Spirit   .   (no helmet)
rElec    .         Reflect  .   (no cloak)
rCorr    .         Harm     .   (no gloves)
MR       .....                  (no boots)
Stlth    ++........             (no amulet)
Regen    0.2/turn               (no ring)
MPRegen  0.2/turn               (no ring)

@: slow
A: molten scales 1, powered by death 1
a: Bend Time, Renounce Religion


You were on level 6 of the Dungeon.
You worshipped Cheibriados.
Cheibriados was noncommittal.
You were hungry.

You visited 2 branches of the dungeon, and saw 7 of its levels.

You collected 178 gold pieces.

Inventory:

Hand Weapons
 a - a +0 short sword
 z - a +0 falchion (weapon)
Armour
 b - a +0 leather armour
 i - a +0 shield
 j - a +0 ring mail
 v - the cursed +1 robe "Moirynarph" (worn) {Str+2}
   (You found it on level 4 of the Dungeon)

   It affects your strength (+2).
   It has a curse placed upon it.
Jewellery
 w - a +3 ring of dexterity {unknown}
Wands
 c - a wand of flame (0/48)
 d - a wand of enslavement (5/24)
 e - a wand of random effects (6/48)
Scrolls
 m - a scroll of identify {unknown}
 p - a scroll of fear {unknown}
 q - a scroll of amnesia {unknown}
 x - a scroll of remove curse {unknown}
 y - 2 scrolls of enchant weapon {unknown}
 A - a scroll of teleportation {unknown}
Potions
 h - a potion of cancellation
 k - a potion of ambrosia {unknown}
 n - a potion of brilliance
 o - a potion of agility {unknown}
 r - a potion of heal wounds {unknown}
 s - a potion of berserk rage {unknown}
 t - a potion of flight {unknown}
 u - a potion of curing {unknown}
Comestibles
 f - a bread ration
 g - 2 royal jellies
 l - 2 meat rations


   Skills:
 - Level 5.0 Fighting
 - Level 0.8(2.3) Short Blades
 * Level 3.4(3.5) Long Blades
 - Level 1.7 Dodging
 - Level 0.8 Stealth
 - Level 3.0 Evocations


You had 5 spell levels left.
You didn't know any spells.

Dungeon Overview and Level Annotations

Branches:
Dungeon (6/15)             Temple (1/1) D:6

Altars:
Ashenzari
Cheibriados
Elyvilon
Fedhas
Gozag
Kikubaaqudgha
Makhleb
Nemelex Xobeh
Okawaru
Qazlal
Ru
Sif Muna
Trog
Uskayaw
Vehumet
Xom
Yredelemnul

Annotations:
D:2 Terence


Innate Abilities, Weirdness & Mutations

You are partially covered in molten scales. (AC +2)
You regenerate a little health from kills.


Message History

The bullfrog barely misses you.
It was a potion of cancellation.
Your magical effects are unravelling.
You feel magically purged.
You feel a little less clever now. The bullfrog hits you.
* * * LOW HITPOINT WARNING * * *
Unknown command.
Okay, then.
Evoke which item? (* to show all) (? for menu, Esc to quit)
Really evoke
e - a wand of random effects (6/48)?
This could place you under penance!
Evoke which item? (* to show all) (? for menu, Esc to quit)
Okay, then.
Evoke which item? (* to show all) (? for menu, Esc to quit)
Aiming: Enslavement
Press: ? - help, Shift-Dir - straight line, f/p - bullfrog
Aim: a bullfrog (almost dead, chance to defeat MR: 54%)
The bullfrog resists with significant effort.
This wand has 5 charges left.
The bullfrog hits you!
You die...

##.#### ##... ###
...... .... ....
#.##.# ..# ....
##.##.##.##
#..#####.........###.
#...<...............#
##.#...#..⌠...⌠..#.##
# #.#.#....F....#.#
#.#......@......#
#.###.[.......#.# ...
#..⌠...⌠..#.#
#.#.............#
#o###.........### #.
##.##.##.## #.#..# .#
#...## .# ##.


You could see a bullfrog.

Vanquished Creatures
  A crimson imp (D:5)
  A jelly (D:3)
  An orc priest (D:4)
  A centaur skeleton (D:5)
  2 worker ants (D:4)
  4 gnolls
  An adder (D:3)
  An adder skeleton (D:4)
  3 dart slugs
  2 orcs
  2 jackals (D:2)
  A quokka (D:5)
  6 bats
  2 frilled lizards (D:2)
  2 kobolds
  2 rats (D:2)
32 creatures vanquished.

Vanquished Creatures (collateral kills)
  A bullfrog (D:6)
  An orc priest (D:4)
  2 gnolls (D:5)
  A worm (D:4)
  5 orcs (D:4)
  A quokka (D:4)
11 creatures vanquished.

Vanquished Creatures (others)
  Blork the orc (D:6)
  A gnoll shaman (D:5)
2 creatures vanquished.

Grand Total: 45 creatures vanquished

Notes
Turn   | Place    | Note
-------+----------+-------------------------------------------
     0 | D:1      | 4thArraOfDagon the Demonspawn Artificer began the quest for the Orb.
     0 | D:1      | Reached XP level 1. HP: 15/15 MP: 3/3
    21 | D:2      | Found a radiant altar of Vehumet.
   152 | D:2      | Reached skill level 2 in Fighting
   161 | D:2      | Noticed Terence
   191 | D:2      | Gained mutation: You regenerate a little health from kills. [demonic ancestry]
   191 | D:2      | Reached XP level 2. HP: 15/22 MP: 4/4
   233 | D:3      | Reached skill level 3 in Fighting
   233 | D:3      | Reached XP level 3. HP: 7/29 MP: 5/5
   288 | D:3      | Found an ancient bone altar of Kikubaaqudgha.
   288 | D:3      | Found a hide-covered altar of Uskayaw.
   426 | D:3      | Reached XP level 4. HP: 29/37 MP: 6/6
   464 | D:2      | Reached skill level 4 in Fighting
   689 | D:4      | Got a warped robe
   715 | D:5      | Entered Level 5 of the Dungeon
   715 | D:5      | Found a basalt altar of Yredelemnul.
   715 | D:5      | Noticed a sky beast
   781 | D:4      | Identified the cursed +1 robe "Moirynarph" {Str+2} (You found it on level 4 of the Dungeon)
   787 | D:4      | Reached XP level 5. HP: 29/43 MP: 7/7
   805 | D:4      | Reached skill level 5 in Fighting
   921 | D:5      | Reached skill level 1 in Long Blades
   923 | D:5      | Noticed an ice beast
   965 | D:5      | Found a stormy altar of Qazlal.
   976 | D:5      | Gained mutation: You are partially covered in molten scales. (AC +2) [demonic ancestry]
   976 | D:5      | Reached XP level 6. HP: 35/51 MP: 8/8
  1027 | D:6      | Noticed Blork the orc
  1028 | D:6      | Found a staircase to the Ecumenical Temple.
  1039 | D:6      | Your ally died
  1044 | D:6      | Killed a bullfrog
  1058 | Temple   | Entered the Ecumenical Temple
  1089 | Temple   | Became a worshipper of Cheibriados the Contemplative
  1122 | D:6      | HP: 1/51 [bullfrog (4)]
  1123 | D:6      | Mangled by a bullfrog

Vault maps used:
D:1:      dpeg_arrival_line_fractal, dk_noncrumbling_4
D:2:      lemuel_round_altar, vehumet_crystals,
          chequers_ecumenical_altar_twisty, uniq_natasha, uniq_terence
D:3:      nicolae_overflow_hidden_temple,
          chequers_temple_overflow_statue_of_worship
D:4:      zin_treasury, first_bread, hangedman_decor_riveting,
          kennysheep_generic_room_6
D:5:      yredelemnul_altar_generic, nicolae_qazlal_general_emergency
D:6:      minmay_temple_entry_large_hall, serial_shops, shop,
          nicolae_shop_statue_plus, roderic_roman_lattice,
          grunt_decor_arrowhead, minmay_checkerbox, uniq_blork_the_orc,
          uniq_prince_ribbit1
Temple:   minmay_temple_bridge_abc

Skill      XL: |  1  2  3  4  5  6 |
---------------+-------------------+-----
Fighting       | 2 3 4 5 |  5.0
Long Blades    | 2 3 |  3.4
Short Blades   | |  0.8
Dodging        | |  1.7
Stealth        | |  0.8
Evocations     | |  3.0

Action                   |  1- 3 |  4- 6 || total
-------------------------+-------+-------++-------
Melee: Short sword       |    45 |    56 ||   101
       Falchion          |       |    30 ||    30
Evoke: Wand              |    17 |    17 ||    34
  Use: Potion            |       |     2 ||     2
 Stab: Betrayed ally     |       |     1 ||     1
       Paralysed         |       |     6 ||     6
Armor: Ring mail         |    24 |    24 ||    48
       Leather armour    |     1 |       ||     1
       Robe              |       |    10 ||    10
Dodge: Dodged            |    26 |    78 ||   104
       Rpst.: Falchion   |       |    14 ||    14
